 Dungeon Crawl Stone Soup version 0.22-a0-422-g9628fc8 (webtiles) character file.

121 Jonny2123 the Slasher (level 4, -6/40 HPs)
             Began as a Draconian Monk on May 21, 2018.
             Mangled by a two-headed ogre
             ... wielding a +0 giant spiked club
              (35 damage)
             ... on level 3 of the Dungeon.
             The game lasted 00:09:47 (1609 turns).

Jonny2123 the Slasher (Draconian Monk)              Turns: 1609, Time: 00:09:47

Health: -6/40      AC:  5    Str: 13    XL:     4   Next: 76%
Magic:  4/4        EV: 14    Int: 10    God:
Gold:   70         SH:  0    Dex: 15    Spells: 3/3 levels left

rFire    . . .     SeeInvis .   k - +1 rapier (venom)
rCold    . . .     Gourm    .   (no shield)
rNeg     . . .     Faith    .   (armour unavailable)
rPois    .         Spirit   .   (helmet restricted)
rElec    .         Reflect  .   (no cloak)
rCorr    .         Harm     .   (no gloves)
MR       .....                  (no boots)
Stlth    ++........             (no amulet)
HPRegen  0.13/turn              (no ring)
MPRegen  0.09/turn              (no ring)

@: no status effects
A: unfitting armour, cold-blooded, AC +5
a: no special abilities


You were on level 3 of the Dungeon.
You were not hungry.

You visited 1 branch of the dungeon, and saw 3 of its levels.

You collected 70 gold pieces.

Inventory:

Hand Weapons
 a - a +0 falchion
 k - a +1 rapier of venom (weapon)
Missiles
 e - 2 silver tomahawks (quivered)
 i - 95 stones
Scrolls
 c - 3 scrolls of identify
 d - a scroll of teleportation
 f - 2 scrolls of remove curse
 h - a scroll of amnesia {unknown}
 j - a scroll of noise {unknown}
 o - a scroll of magic mapping {unknown}
Potions
 g - a potion of heal wounds
 l - a potion of mutation {unknown}
 m - a potion of curing {unknown}
 n - a potion of degeneration {unknown}
 p - a potion of brilliance {unknown}
Comestibles
 b - 4 rations


   Skills:
 + Level 3.7 Fighting
 + Level 0.8(2.6) Short Blades
 + Level 4.1 Long Blades
 + Level 3.5 Dodging
 + Level 2.4 Stealth


You had 3 spell levels left.
You didn't know any spells.
Your spell library was empty.

Dungeon Overview and Level Annotations

Branches:
Dungeon (3/15)

Altars:


Innate Abilities, Weirdness & Mutations

Your plain brown scales are hard. (AC +5)
You cannot fit into any form of body armour.
You are cold-blooded and may be slowed by cold attacks.


Message History

A two-headed ogre comes into view.
It is wielding a giant spiked club and a giant club.
The two-headed ogre shouts in stereo!
Okay, then.
Okay, then.
Throwing (i - inventory. (/) - cycle)
e - 3 silver tomahawks (quivered)
Press: ? - help, Shift-Dir - straight line, f - two-headed ogre
Aim: a two-headed ogre, wielding a giant spiked club and a giant club You throw a silver tomahawk.
The silver tomahawk barely misses the two-headed ogre.
The two-headed ogre barely misses you.
The two-headed ogre hits you with a giant club!
You hit the two-headed ogre.
The two-headed ogre is poisoned.
You tail-slap the two-headed ogre, but do no damage.
The two-headed ogre is lightly wounded.
You hit the two-headed ogre.
The two-headed ogre looks as sick as possible!
The two-headed ogre is lightly wounded.
The two-headed ogre hits you with a giant spiked club!!
Ouch! That really hurt!
You die...

## ##########
..##........#
#.......###.#
..##.##.###.###########
#......#....@O.....(
#####..#.#.#############
............†...........
####.#.#.#.#############
...#.....# #######.###
##.........#
.#.###...#.# .#.#
#.###.#


You could see a two-headed ogre.

Vanquished Creatures
  A crimson imp (D:3)
  Jessica (D:2)
  An adder (D:3)
  2 worms (D:2)
  2 dart slugs (D:2)
  A leopard gecko (D:1)
  A giant cockroach (D:1)
  4 hobgoblins
  2 jackals (D:3)
  5 bats
  8 frilled lizards
  5 goblins
  4 kobolds
  9 rats
46 creatures vanquished.

Vanquished Creatures (others)
  A hobgoblin (D:2)
1 creature vanquished.

Grand Total: 47 creatures vanquished

Notes
Turn   | Place    | Note
-------+----------+-------------------------------------------
     0 | D:1      | Jonny2123 the Draconian Monk began the quest for the Orb.
     0 | D:1      | Reached XP level 1. HP: 19/19 MP: 1/1
   185 | D:1      | Reached XP level 2. HP: 23/26 MP: 2/2
   512 | D:2      | Reached XP level 3. HP: 16/31 MP: 3/3
  1273 | D:2      | Noticed Jessica
  1285 | D:2      | Killed Jessica
  1285 | D:2      | Reached XP level 4. HP: 37/40 MP: 4/4
  1571 | D:3      | Reached skill level 4 in Long Blades
  1604 | D:3      | Noticed a two-headed ogre
  1609 | D:3      | Mangled by a two-headed ogre

Vault maps used:
D:1:      scummos_arrival_hexagon
D:2:      first_ration, uniq_jessica
D:3:      uniq_terence

Skill      XL: |  1  2  3  4 |
---------------+-------------+-----
Stealth        | 2 |  2.4
Dodging        | 3 |  3.5
Long Blades    | 4 |  4.1
Fighting       | |  3.7
Short Blades   | |  0.8

Action                   |  1- 3 |  4- 6 || total
-------------------------+-------+-------++-------
Melee: Falchion          |   106 |       ||   106
       Tailslap          |    12 |     5 ||    17
       Rapier            |    12 |    34 ||    46
Throw: Tomahawk          |       |     3 ||     3
  Use: Scroll            |     3 |       ||     3
 Stab: Sleeping          |     2 |     1 ||     3
  Eat: Chunk             |     1 |     1 ||     2
Armor: Skin              |    24 |    10 ||    34
Dodge: Dodged            |   100 |    23 ||   123
       Rpst.: Falchion   |    23 |       ||    23

Table legend:
 A = Spawn XP
 B = Non-spawn XP
 C = Spawn XP percentage of total XP
 D = Spawn monster count
 E = Non-spawn monster count
 F = Spawn count percentage of total count
 G = Total turns spent on level
                    A         B        C        D         E        F      G
               +---------+---------+-------+---------+---------+-------+---------
         Total |       0 |     173 |   0.0 |       0 |      47 |   0.0 |  1609
               +---------+---------+-------+---------+---------+-------+---------
           D:1 |       0 |      30 |   0.0 |       0 |      23 |   0.0 |   433
           D:2 |       0 |      70 |   0.0 |       0 |      15 |   0.0 |  1017
           D:3 |       0 |      73 |   0.0 |       0 |       9 |   0.0 |   159
               +---------+---------+-------+---------+---------+-------+---------
